 Dungeon Sprint DCSS version 0.28.0-53-g5a82cb258f (webtiles) character file.

Game seed: 5337787441952748814

11873 Zeld the Warrior (level 11, 0/124 HPs)
             Began as a Minotaur Berserker on June 4, 2022.
             Was the Champion of Trog.
             Collided with a rock wall (7 damage)
             ... caused by a deep elf knight
             ... in the Dungeon (Sprint III: "The Ten Rune Challenge").
             The game lasted 00:04:52 (6386 turns).

Zeld the Warrior (Minotaur Berserker)               Turns: 6386, Time: 00:04:53

Health: 0/124      AC:  3    Str: 27    XL:     11   Next: 55%
Magic:  10/10      EV: 17    Int:  4    God:    Trog [******]
Gold:   1083       SH:  0    Dex: 11    Spells: 10/10 levels left

rFire   . . .      SeeInvis .   a - +10 executioner's axe of Skirmishing {vorpal, rCorr}
rCold   . . .      Faith    .   (shield currently unavailable)
rNeg    . . .      Spirit   .   b - +0 animal skin
rPois   .          Reflect  .   (helmet restricted)
rElec   .          Harm     .   (no cloak)
rCorr   +          Rampage  .   (no gloves)
Will    .....      NoTele   +   (no boots)
Stlth   +.........              (no amulet)
HPRegen 0.30/turn               (no ring)
MPRegen 0.12/turn               (no ring)

@: studying Armour
A: horns 2, retaliatory headbutt, agile 1, MP-powered wands
a: Renounce Religion, Berserk, Trog's Hand, Brothers in Arms


You were in the Dungeon.
You worshipped Trog.
Trog was exalted by your worship.
You visited 1 branch You collected 2203 gold pieces.
You spent 1120 gold pieces at shops.

Inventory:

Hand Weapons
 a - the +10 executioner's axe of Skirmishing (weapon) {vorpal, rCorr}
   (Trog gifted it to you in the Dungeon)

   It inflicts extra damage upon your enemies.
   rCorr:     It protects you from acid and corrosion.
Armour
 b - a +0 animal skin (worn)
Scrolls
 h - a scroll of blinking
 j - a scroll of immolation {unknown}
 k - a scroll of summoning {unknown}
 m - a scroll of holy word {unknown}
 n - 2 scrolls of identify
Potions
 c - a potion of curing
 d - 3 potions of heal wounds
 e - 2 potions of haste
 f - 2 potions of magic
 g - a potion of berserk rage
 i - a potion of brilliance {unknown}
 l - 2 potions of flight
 o - a potion of ambrosia {unknown}
 p - a potion of mutation
 q - a potion of might
 s - a potion of resistance {unknown}
Miscellaneous
 r - a phial of floods


   Skills:
 * Level 20.1 Fighting
 * Level 20.0 Axes
 + Level 14.6 Armour
 + Level 13.3 Dodging


You had 10 spell levels left.
You didn't know any spells.
Your spell library was empty.

Dungeon Overview and Level Annotations

Branches:
Dungeon (1/1)

Altars:
Cheibriados
Dithmenos
Elyvilon
Fedhas
Gozag
Hepliaklqana
Kikubaaqudgha
Makhleb
Nemelex Xobeh
Okawaru
Qazlal
Ru
Sif Muna
Trog
Uskayaw
Vehumet
Wu Jian
Xom
Yredelemnul
Zin
The Shining One
Beogh
Jiyva
Lugonu

Shops:
D :


Innate Abilities, Weirdness & Mutations

You have a pair of horns on your head.
You reflexively headbutt those who attack you in melee.
You are agile. (Dex +2)
You expend magic power (3 MP) to strengthen your wands.


Message History

HP restored.
You start waiting.
You start waiting.
You start waiting.
A deep elf zephyrmancer is nearby!
The deep elf zephyrmancer shouts!
The deep elf zephyrmancer gestures wildly while chanting.
The deep elf zephyrmancer blinks!
The deep elf zephyrmancer points at you and mumbles some strange words.
The bolt of lightning misses you. The bolt of lightning hits you!!
The deep elf zephyrmancer points at you and mumbles some strange words.
The bolt of lightning hits you!!
The deep elf zephyrmancer gestures at you while chanting.
The bolt of lightning misses you. x2
You are too injured to fight recklessly!
You are too injured to fight recklessly!
You are too injured to fight recklessly!
You hit the deep elf zephyrmancer but do no damage.
You headbutt the deep elf zephyrmancer!
The deep elf zephyrmancer is moderately wounded.
The deep elf zephyrmancer points at you and mumbles some strange words.
The bolt of lightning hits you!
You slice the deep elf zephyrmancer like a ripe choko!!!
You kill the deep elf zephyrmancer!
Trog accepts your kill.
Trog appreciates your killing of a magic user.
Trog grants you a weapon! Something appears at your feet!
You see here a +3 triple sword.
Your Axes skill increases to level 20!
Unknown command.
The deep elf knight casts a spell at you.
The shard of ice hits you!!
* * * LOW HITPOINT WARNING * * *
Items here: )) [[ †.
The deep elf knight points at you and mumbles some strange words.
The lance of force hits you!!
* * * LOW HITPOINT WARNING * * *
You are knocked back by the lance of force.
You slam into the rock wall!
You die...

▓▓▓▓▓▓ ▓▓▓▓
##########.#..###..#######
_#___#__##..###.#.e'.#...#
.#__.#._#.........##.#e..#
'#'###)##.)))..).###.#e..≈≈≈
..).....#)))))).@..#.#e..##≈
........#.#)#∩.#...#.+...#
.######'#.##.##.##.#######
.#__#...#'#####################
.#__#...#....#.#.#....)#......+
##__#...##.#).#.##.###.#^^...^#
:#__#...'##)#.#.##)#.)##....^.#
_#__'...#.).#..#..##..'.^.....#
▓▓▓▓▓▓▓▓▓▓▓▓▓▓▓▓▓▓▓▓▓▓#....^..#


You could see a deep elf knight.

Vanquished Creatures
  Erolcha (D)
  Urug (D)
  A spriggan druid (D)
  A death drake (D)
  2 deep elf pyromancers (D)
  A lindwurm (D)
  2 orc knights (D)
  A deep elf zephyrmancer (D)
  2 cane toads (D)
  A komodo dragon (D)
  A rime drake (D)
  2 tyrant leeches (D)
  5 blink frogs (D)
  A snapping turtle (D)
  2 spriggans (D)
  A shadow (D)
  5 redbacks (D)
  A spatial vortex (D)
  A swamp drake (D)
  A necrophage (D)
  3 orc warriors (D)
  5 two-headed ogres (D)
  A water elemental (D)
  A scorpion (D)
  2 wandering mushrooms (D)
  An electric eel (D)
  A jelly (D)
  3 orc priests (D)
  A wizard (D)
  Jessica (D)
  A necromancer (D)
  4 orc wizards (D)
  A kobold demonologist (D)
  3 humans (D)
  6 orcs (D)
  2 endoplasms (D)
69 creatures vanquished.

Vanquished Creatures (collateral kills)
  2 hydras (D)
2 creatures vanquished.

Vanquished Creatures (others)
  A wandering mushroom (D)
  5 plants (D)
  8 tentacles (D)
14 creatures vanquished.

Grand Total: 85 creatures vanquished

Notes
Turn   | Place    | Note
-------+----------+-------------------------------------------
     0 | D        | Zeld the Minotaur Berserker began the quest for the Orb.
     0 | D        | Reached XP level 1. HP: 19/19 MP: 0/0
    79 | D        | Noticed Jessica
    84 | D        | Killed Jessica
    84 | D        | Reached ** piety under Trog
    85 | D        | Reached skill level 5 in Fighting
    85 | D        | Reached skill level 5 in Axes
    85 | D        | Reached XP level 2. HP: 29/29 MP: 1/1
    85 | D        | Reached XP level 3. HP: 36/36 MP: 2/2
   163 | D        | Noticed a scorpion
   172 | D        | Killed a scorpion
   173 | D        | Reached XP level 4. HP: 24/47 MP: 3/3
   429 | D        | Gained mutation: You are partially covered in iridescent
                  | scales. (AC +2) [potion of mutation]
   429 | D        | Gained mutation: Your spells are a little harder to cast,
                  | but a little more powerful. [potion of mutation]
   429 | D        | Lost mutation: You are partially covered in iridescent
                  | scales. (AC +2) [potion of mutation]
   429 | D        | Gained mutation: You have an increased reservoir of magic.
                  | (+10% MP) [potion of mutation]
   537 | D        | Lost mutation: Your spells are a little harder to cast, but
                  | a little more powerful. [potion of mutation]
   537 | D        | Lost mutation: You have an increased reservoir of magic.
                  | (+10% MP) [potion of mutation]
   537 | D        | Gained mutation: Potions are less effective at restoring
                  | your health. [potion of mutation]
   603 | D        | Lost mutation: Potions are less effective at restoring your
                  | health. [potion of mutation]
   603 | D        | Gained mutation: You are agile. (Dex +2) [potion of
                  | mutation]
   603 | D        | Gained mutation: You expend magic power (3 MP) to
                  | strengthen your wands. [potion of mutation]
   661 | D        | Noticed a water elemental
   665 | D        | Killed a water elemental
   666 | D        | Reached skill level 5 in Armour
   666 | D        | Reached skill level 5 in Dodging
   666 | D        | Reached XP level 5. HP: 53/53 MP: 4/4
   772 | D        | Found a radiant altar of Vehumet.
   772 | D        | Found a shimmering blue altar of Sif Muna.
   772 | D        | Found an ancient bone altar of Kikubaaqudgha.
   782 | D        | Noticed a sun demon
   788 | D        | Reached *** piety under Trog
   920 | D        | Found a hide-covered altar of Uskayaw.
   920 | D        | Found an iron altar of Okawaru.
   920 | D        | Found a bloodstained altar of Trog.
   920 | D        | Found an ornate altar of the Wu Jian Council.
   920 | D        | Noticed a human
   921 | D        | Noticed a human
   923 | D        | Killed a human
   924 | D        | Reached skill level 10 in Fighting
   924 | D        | Reached skill level 10 in Axes
   924 | D        | Reached XP level 6. HP: 66/66 MP: 5/5
   929 | D        | Killed a human
  1011 | D        | Found a basalt altar of Yredelemnul.
  1011 | D        | Found a shadowy altar of Dithmenos.
  1011 | D        | Found a sacrificial altar of Ru.
  1018 | D        | Reached **** piety under Trog
  1022 | D        | Reached XP level 7. HP: 62/74 MP: 6/6
  1081 | D        | Found a glowing silver altar of Zin.
  1081 | D        | Found a glowing golden altar of the Shining One.
  1081 | D        | Found a white marble altar of Elyvilon.
  1081 | D        | Noticed a deep elf pyromancer
  1087 | D        | Killed a deep elf pyromancer
  1088 | D        | Reached XP level 8. HP: 50/85 MP: 7/7
  1117 | D        | Reached ***** piety under Trog
  1143 | D        | Found a blossoming altar of Fedhas.
  1143 | D        | Found a stormy altar of Qazlal.
  1143 | D        | Found a snail-covered altar of Cheibriados.
  1143 | D        | Found a burning altar of Makhleb.
  1143 | D        | Found a shimmering altar of Xom.
  1144 | D        | Found a hazy altar of Hepliaklqana.
  1144 | D        | Found an opulent altar of Gozag.
  1144 | D        | Found a sparkling altar of Nemelex Xobeh.
  1144 | D        | Found a corrupted altar of Lugonu.
  1144 | D        | Found a viscous altar of Jiyva.
  1150 | D        | HP: 1/86 [spatial vortex (4)]
  1441 | D        | Received a gift from Trog
  1830 | D        | Noticed a two-headed ogre
  1835 | D        | Killed a two-headed ogre
  1836 | D        | Reached skill level 10 in Armour
  2024 | D        | Noticed a two-headed ogre
  2024 | D        | Noticed Erolcha
  2029 | D        | Killed a two-headed ogre
  2030 | D        | Reached XP level 9. HP: 96/96 MP: 8/8
  2030 | D        | Killed Erolcha
  2031 | D        | Reached skill level 15 in Fighting
  2031 | D        | Reached skill level 15 in Axes
  2031 | D        | Reached skill level 10 in Dodging
  2182 | D        | Noticed a wandering mushroom
  2186 | D        | Noticed a wandering mushroom
  2188 | D        | Noticed a wandering mushroom
  2827 | D        | Killed a wandering mushroom
  2827 | D        | Received a gift from Trog
  2902 | D        | Noticed a cane toad
  2902 | D        | Noticed a komodo dragon
  2902 | D        | Noticed a cane toad
  2909 | D        | Killed a cane toad
  2912 | D        | Killed a cane toad
  2916 | D        | Killed a komodo dragon
  2917 | D        | Reached XP level 10. HP: 108/108 MP: 9/9
  3345 | D        | Received a gift from Trog
  4259 | D        | Reached ****** piety under Trog
  4513 | D        | Identified the +10 executioner's axe of Skirmishing
                  | {vorpal, rCorr} (Trog gifted it to you in the Dungeon)
  4513 | D        | Received a gift from Trog
  4803 | D        | Noticed a lindwurm
  4808 | D        | Killed a lindwurm
  4915 | D        | Noticed Urug
  4920 | D        | Killed Urug
  5054 | D        | Noticed a five-headed hydra
  5054 | D        | Noticed a five-headed hydra
  5068 | D        | Killed a five-headed hydra
  5069 | D        | Killed a five-headed hydra
  5070 | D        | Reached XP level 11. HP: 102/121 MP: 10/10
  5369 | D        | Noticed a death drake
  5374 | D        | Killed a death drake
  5494 | D        | Noticed a kraken
  5788 | D        | Found a blossoming altar of Fedhas.
  5788 | D        | Noticed a spriggan druid
  5793 | D        | Killed a spriggan druid
  5793 | D        | Received a gift from Trog
  6000 | D        | Noticed an orc knight
  6001 | D        | Noticed an orc knight
  6005 | D        | Killed an orc knight
  6006 | D        | Found Itiutat's Book Shoppe.
  6008 | D        | Received a gift from Trog
  6014 | D        | Killed an orc knight
  6017 | D        | Received a gift from Trog
  6286 | D        | Noticed a deep elf knight
  6286 | D        | Noticed a deep elf knight
  6286 | D        | Noticed a deep elf zephyrmancer
  6286 | D        | Noticed a deep elf pyromancer
  6286 | D        | Noticed a deep elf pyromancer
  6297 | D        | Bought a manual of Armour for 1120 gold pieces
  6305 | D        | Killed a deep elf pyromancer
  6382 | D        | Killed a deep elf zephyrmancer
  6382 | D        | Received a gift from Trog
  6386 | D        | Collided with a rock wall

Illustrated notes

Levels and vault maps discovered:
D:        dungeon_sprint_mu [sprint_mu_entry_cave, sprint_mu_temple_rooms,
          sprint_mu_d1_spiders, sprint_mu_d2_genie, sprint_mu_d3_branching,
          sprint_mu_orc_legion, sprint_mu_elf_gauntlet, sprint_mu_hive_nellie,
          sprint_mu_lair_fedhas, sprint_mu_vaults_butterflies,
          sprint_mu_slime_circle, sprint_mu_shoals_kraken,
          sprint_mu_snake_twists, sprint_mu_blade_basic,
          sprint_mu_crypt_fortress, sprint_mu_tomb_spiral,
          sprint_mu_vestibule_basic, sprint_mu_gehenna_hellfire,
          sprint_mu_dis_giant, sprint_mu_tartarus_statrot,
          sprint_mu_cocytus_islands, sprint_mu_zot1]

Skill      XL: |  1  2  3  4  5  6  7  8  9 10 11 |
---------------+----------------------------------+-----
Fighting       | 5 7 8 10 11 12 14 16 18 20 | 20.1
Axes           | 5 7 8 10 11 12 14 16 18 20 | 20.0
Armour         | 3 4 5 6 7 9 10 11 13 14 | 14.6
Dodging        | 3 4 5 6 7 8 9 10 12 13 | 13.3

Action                   |  1- 3 |  4- 6 |  7- 9 | 10-12 || total
-------------------------+-------+-------+-------+-------++-------
Melee: Hand axe          |    11 |    26 |    86 |    27 ||   150
       Headbutt          |     2 |     4 |    27 |    17 ||    50
       Punch             |       |     2 |       |       ||     2
       Battleaxe         |       |       |       |    21 ||    21
       Executioner's axe |       |       |       |    43 ||    43
Invok: Berserk           |     2 |     3 |     5 |     6 ||    16
       Trog's Hand       |       |     1 |       |       ||     1
       Brothers in Arms  |       |       |       |     1 ||     1
  Use: Potion            |       |     3 |     1 |       ||     4
 Stab: Confused          |       |       |       |     1 ||     1
       Distracted        |       |       |       |     1 ||     1
Armor: Animal skin       |       |       |     1 |     4 ||     5
Dodge: Dodged            |     8 |     8 |    42 |    49 ||   107
